 Dungeon Crawl Stone Soup version 0.23.1-37-gaa34b87 (webtiles) character file.

Game seed: 7898803902652925697

112 kae the Insei (level 4, -3/35 HPs)
             Began as a Demonspawn Skald on Mar 22, 2019.
             Slain by a komodo dragon (16 damage)
             ... on level 3 of the Dungeon.
             The game lasted 00:04:05 (3629 turns).

kae the Insei (Demonspawn Skald)                    Turns: 3629, Time: 00:04:06

Health: -3/35      AC:  5    Str:  9 (11) XL:     4   Next: 64%
Magic:  7/7        EV: 11    Int: 12 (15) God:
Gold:   188        SH:  4    Dex: 11 (13) Spells: 6/7 levels left

rFire    + + .     SeeInvis .     - Unarmed
rCold    + . .     Gourm    .   (no shield)
rNeg     . . .     Faith    .   a - +0 leather armour
rPois    .         Spirit   .   (no helmet)
rElec    .         Reflect  .   m - +1 cloak
rCorr    .         Harm     .   (no gloves)
MR       .....                  (no boots)
Stlth    +.........             (no amulet)
HPRegen  0.11/turn              b - ring of protection from fire
MPRegen  0.10/turn              p - ring of protection from cold

@: about to teleport
A: large bone plates 1, fire resistance 1, flame cloud immunity
a: no special abilities


You were on level 3 of the Dungeon.
You were not hungry.

You visited 1 branch of the dungeon, and saw 3 of its levels.

You collected 188 gold pieces.

Inventory:

Armour
 a - a +0 leather armour (worn)
 m - a +1 cloak (worn)
Jewellery
 b - a ring of protection from fire (left hand)
 g - an uncursed ring of resist corrosion
 i - an uncursed amulet of faith
 p - a ring of protection from cold (right hand)
Scrolls
 d - 4 scrolls of remove curse
Potions
 n - a potion of curing
 q - a potion of lignification {unknown}
 r - a potion of agility {unknown}
Comestibles
 c - 6 rations


   Skills:
 + Level 3.0 Fighting
 - Level 0.8 Armour
 - Level 1.7 Dodging
 * Level 3.4 Unarmed Combat
 - Level 2.0 Spellcasting
 + Level 3.3 Charms


You had 6 spell levels left.
You knew the following spells:

 Your Spells              Type           Power        Failure   Level  Hunger
a - Infusion              Chrm           #...         10%         1    ##.....

Your spell library contained the following spells:

 Spells                   Type           Power        Failure   Level  Hunger
 Song of Slaying          Chrm           #.......     14%         2    ###....
 Shroud of Golubria       Chrm/Tloc      #.........   28%         2    ###....
 Regeneration             Chrm/Necr      #.........   50%         3    ####...
 Spectral Weapon          Hex/Chrm       #.......     50%         3    ####...


Dungeon Overview and Level Annotations

Branches:
Dungeon (3/15)

Altars:
Sif Muna
Xom

Annotations:
D:3 1 transporter


Innate Abilities, Weirdness & Mutations

You are partially covered in large bone plates. (SH +4)
Your flesh is heat resistant. (rF+)
You are immune to clouds of flame.


Message History

You remove your -4 ring of evasion.
You drop a -4 ring of evasion.
Put on which piece of jewellery? (? for menu, Esc to quit)
b - a ring of protection from fire (left hand) Partly explored, unvisited transporter.
Partly explored, unvisited transporter.
Okay, then.
The orc warrior shouts!
The komodo dragon hisses angrily.
The leopard gecko hisses angrily.
There is a transporter here.
You enter the transporter and appear at another place.
The leopard gecko hisses menacingly.
The leopard gecko closely misses you.
Okay, then.
As you read the scroll of teleportation, it crumbles to dust.
You feel strangely unstable.
The orc warrior hits you from afar with a +0 halberd!!
Ouch! That really hurt!
The komodo dragon bites you!
You die...

.................................
..........#.#.###.###).#..###.###
#.###..##...........#<)..........
..........#########.......###..##
#.###..#.##.......##......###..##
#.# #..#.#8.#...#.8#.............
#.# #....#$!.#.#...#...........##
#.###....#$?.......#...........##
........©#_$....@l.#©...###......
#.###....#.[....ls.#.....##.##.##
.......#.#...#.#o..#.##..##.##.#
.........#8.#...#.8#.##..##.##.#
.........##...©...##.##........#
#.###..#..#########..##..##.####
.....................##..##.#####
.................................
#.#.#..##.#.#....................


You could see a komodo dragon, an orc warrior, a scorpion and a leopard gecko.

Vanquished Creatures
  4 adders
  2 oozes (D:1)
  2 dart slugs
  3 leopard geckos
  An orc (D:3)
  11 bats
  3 giant cockroaches
  6 goblins
  6 hobgoblins
  2 jackals (D:1)
  A quokka (D:2)
  3 frilled lizards
  6 kobolds
  9 rats
59 creatures vanquished.

Notes
Turn   | Place    | Note
-------+----------+-------------------------------------------
     0 | D:1      | kae the Demonspawn Skald began the quest for the Orb.
     0 | D:1      | Reached XP level 1. HP: 16/16 MP: 3/3
    24 | D:1      | Gained mutation: Your flesh is heat resistant. (rF+)
                  | [demonic ancestry]
    24 | D:1      | Reached XP level 2. HP: 11/22 MP: 0/5
   700 | D:1      | Found a shimmering altar of Xom.
   772 | D:1      | Gained mutation: You are immune to clouds of flame.
                  | [demonic ancestry]
   772 | D:1      | Reached XP level 3. HP: 25/28 MP: 2/6
  1215 | D:2      | Found a faded altar of an unknown god.
  1795 | D:2      | Gained mutation: You are partially covered in large bone
                  | plates. (SH +4) [demonic ancestry]
  1795 | D:2      | Reached XP level 4. HP: 28/34 MP: 3/7
  2440 | D:3      | Found a transporter.
  2440 | D:3      | Noticed a komodo dragon
  2442 | D:3      | Noticed an orc warrior
  2447 | D:3      | Found a deep blue altar of Sif Muna.
  2895 | D:3      | Found a transporter.
  3629 | D:3      | Slain by a komodo dragon

Skill      XL: |  1  2  3  4 |
---------------+-------------+-----
Unarmed Combat | 2 3 |  3.4
Charms         | 3 |  3.3
Fighting       | 3 |  3.0
Armour         | |  0.8
Dodging        | |  1.7
Spellcasting   | |  2.0

Action                   |  1- 3 |  4- 6 || total
-------------------------+-------+-------++-------
Melee: Unarmed           |   148 |    87 ||   235
       Punch             |       |     1 ||     1
 Cast: Infusion          |    13 |     6 ||    19
  Use: Scroll            |     4 |     8 ||    12
       Potion            |     1 |       ||     1
  Eat: Chunk             |     3 |     3 ||     6
       Ration            |       |     1 ||     1
Armor: Leather armour    |    46 |    10 ||    56
Dodge: Dodged            |   114 |    42 ||   156
Block: Other             |       |    14 ||    14
